 Dungeon Crawl Stone Soup version 0.29-a0-613-gf2c431b9b9 (webtiles) character file.

Game seed: 12586196389150573845

0 blackman the Sneak (level 1, -9/18 HPs)
             Began as a Human Delver on June 16, 2022.
             Was an Initiate of Qazlal.
             Killed by divine providence
             ... invoked by an orc priest
              (12 damage)
             ... on level 3 of the Dungeon.
             The game lasted 00:04:52 (464 turns).

blackman the Sneak (Human Delver)                    Turns: 464, Time: 00:04:54

Health: -9/18      AC:  3    Str: 12    XL:     1   Next: 11%
Magic:  1/1        EV: 12    Int: 10    God:    Qazlal [......]
Gold:   0          SH:  0    Dex: 14    Spells: 0/0 levels left

rFire   . . .      SeeInvis .   a - +0 hand axe
rCold   . . .      Faith    .   (no shield)
rNeg    . . .      Spirit   .   b - +0 leather armour
rPois   .          Reflect  .   d - +0 hat
rElec   .          Harm     .   (no cloak)
rCorr   .          Rampage  .   (no gloves)
Will    .....                   (no boots)
Stlth   +++.......              (no amulet)
HPRegen 0.06/turn               (no ring)
MPRegen 0.07/turn               (no ring)

@: no status effects
A: no striking features
a: Renounce Religion


You were on level 3 of the Dungeon.
You worshipped Qazlal.
Qazlal was noncommittal.
You visited 1 branch of the dungeon, and saw 4 of its levels.

Inventory:

Hand Weapons
 a - a +0 hand axe (weapon)
Armour
 b - a +0 leather armour (worn)
 d - a +0 hat (worn)
Wands
 g - a wand of digging (2)
Scrolls
 c - a scroll of fog
 h - a scroll of identify {unknown}


   Skills:
 - Level 3.0 Fighting
 + Level 2.0 Axes
 - Level 2.0 Dodging
 - Level 5.0 Stealth


You couldn't memorise any spells.
You didn't know any spells.
Your spell library contained the following spells:

 Spells                   Type           Power      Damage    Failure   Level
 Sublimation of Blood     Necr           0%         N/A       58%         2
 Petrify                  Tmut/Erth      0%         N/A       99%         4
 Irradiate                Conj/Tmut      0%         3d13      100%        5


Dungeon Overview and Level Annotations

Branches:
Dungeon (6/15)
 Temple: D:4-7

Altars:
Qazlal
Wu Jian
Yredelemnul

Shops:
D:5 =

Annotations:
D:3 Grinder
D:4 Pikel


Message History

A worm comes into view.
Pikel says, "Time is money, and you're costing me too much!"
The lemure completely misses you. The lemure attacks as you move away!
The lemure hits you.
Found an escape hatch in the floor.
The lemure attacks as you move away! The lemure hits you but does no damage.
Found an escape hatch in the ceiling.
The lemure hits you.
* * * LOW HITPOINT WARNING * * *
A lemure comes into view.
An endoplasm comes into view.
Found a stone staircase leading up.
The lemure attacks as you move away! The lemure closely misses you.
Found a ring mail.
There is an escape hatch in the ceiling here.
A mysterious force pulls you upwards. The hatch slams shut behind you.
The orc shouts!
You hear a shout!
Found 11 gold pieces.
Found 13 gold pieces.
Unknown command.
Okay, then.
The orc shouts!
Found 3 gold pieces.
An orc priest comes into view. It is wielding a +0 dagger.
An orc comes into view. It is wielding a +0 dagger.
Found a stone staircase leading down.
There is a stone staircase leading down here.
Grinder comes into view.
Grinder shouts!
Aiming: Dig
Press: ? - help, Shift-Dir - straight line A rock wall.
The rock shatters into small pieces.
Grinder attacks as you move away! Grinder hits you.
* * * LOW HITPOINT WARNING * * *
The orc barely misses you.
The orc priest invokes the aid of Beogh against you.
Beogh smites you!
Ouch! That really hurt!
You die...

### #.. #.#
###############.####
#...................
#5## ##.####.##.#
#o@# #........o..
#.#.# #...o...##.#
#.##.# #...###.##..
#o# #.##...# #.##$.
#.# #.#...###.....
#.# #....o.......
#o######..####.##..
#......o........ ..
##############.# .


You could see Grinder, an orc priest and 2 orcs.

Vanquished Creatures
  A kobold (D:4)
1 creature vanquished.

Notes
Turn   | Place    | Note
-------+----------+-------------------------------------------
     0 | D:5      | blackman the Human Delver began the quest for the Orb.
     0 | D:5      | Reached XP level 1. HP: 18/18 MP: 1/1
     8 | D:5      | Noticed an orc priest
    34 | D:5      | Found Ditol's Jewellery Boutique.
    40 | D:5      | Noticed an iguana
    42 | D:5      | Noticed an iguana
    48 | D:5      | Found a stormy altar of Qazlal.
    56 | D:5      | Became a worshipper of Qazlal Stormbringer
    57 | D:5      | Noticed a hound
   254 | D:6      | Found an ornate altar of the Wu Jian Council.
   271 | D:6      | Noticed a jelly
   290 | D:6      | Noticed an ice beast
   332 | D:4      | Noticed a lemure
   333 | D:4      | Noticed Pikel
   334 | D:4      | Noticed a lemure
   377 | D:4      | Found a basalt altar of Yredelemnul.
   390 | D:4      | Noticed a lemure
   398 | D:4      | Noticed a lemure
   439 | D:3      | Noticed an orc priest
   462 | D:3      | Noticed Grinder
   464 | D:3      | Killed from afar by an orc priest

Illustrated notes

Levels and vault maps discovered:
D:3:      wad_pebble_path, layout_basic, serial_shops, nicolae_diamond_shop,
          uniq_grinder
D:4:      layout_layer_cave, makhleb_blood_cavern_becter, lemuel_doored_altar,
          roderic_st_hans_cross, uniq_pikel
D:5:      layout_loops_ring, grunt_qazlal_sundering, serial_shops, shop,
          uniq_crazy_yiuf_cottage
D:6:      layout_basic, mainiacjoe_overflow_large_starburst

Action                   || total
-------------------------++-------
Melee: Hand axe          ||     2
Evoke: Wand              ||     1
  Use: Scroll            ||     3
       Potion            ||     2
 Stab: Sleeping          ||     1
Armor: Leather armour    ||     3
Dodge: Dodged            ||     8

Table legend: (Time is in decaauts)
 A = Elapsed time spent in this place.
 B = Non-inter-level travel time spent in this place.
 C = Inter-level travel time spent in this place.
 D = Time resting spent in this place.
 E = Time spent auto-exploring this place.
 F = Levels seen in this place.
 G = Mean time per level.
                   A        B        C        D        E       F      G
               +--------+--------+--------+--------+--------+-----+--------+
         Total |    446 |    443 |      3 |    174 |      0 |   4 |  111.5 |
       Dungeon |    446 |    443 |      3 |    174 |      0 |   4 |  111.5 |
               +--------+--------+--------+--------+--------+-----+--------+

Top non-repeatable levels by time:
     D:6: 233 daAuts
     D:5: 86 daAuts
     D:4: 68 daAuts
     D:3: 57 daAuts
